Gangsters vs Wolfes
Created - February 11, 2020 at 19:09
Goals
|
| Gangsters |
0 |
0 |
2 |
2 |
| Wolfes |
1 |
3 |
1 |
5 |
|
Shots
|
| Gangsters |
5 |
8 |
12 |
25 |
| Wolfes |
15 |
16 |
17 |
48 |
|
1st period
1. Wolfes , Victor Olofsson 5 (Joe Morrow 13) at 1:08
Penalties :
No Penalty
2nd period
2. Wolfes , Jyrki Jokipakka 3 (Angelo Esposito 2, Victor Olofsson 3) at 7:10
3. Wolfes , Blake Pietila 24 (Martin Hanzal 25) at 10:22 (PP)
4. Wolfes , Blake Pietila 25 (Martin Hanzal 26) at 11:33
Penalties :
Matt Delahey (Bro) for Hooking (Minor) at 0:33, Julius Vahatalo (Bro) for Hooking (Minor) at 10:20, Julius Vahatalo (Bro) for Interference (Minor) at 17:05
3rd period
5. Gangsters , Richard Panik 24 (Dave Dziurzynski 45, Morgan Ellis 8) at 3:03
6. Gangsters , Richard Panik 25 (Artem Anisimov 34, Jonas Brodin 21) at 6:00
7. Wolfes , Thomas Spelling 4 (Sergei Plotnikov 17, Michael Stone 29) at 9:57
Penalties :
Dave Dziurzynski (Bro) for Hooking (Minor) at 17:57
Goalie Stats
Dustin Tokarski (Bro), 43 saves from 48 shots - (0.896), L, 18-14-0, 60:00 minutes
Laurent Brossoit (RIM), 23 saves from 25 shots - (0.920), W, 19-12-3, 60:00 minutes
Players Stats for Gangsters
Player Name G A P +/- PIM S H SB GA TA FO MP PP MP PK MP
------------------------------------------------------------------------------------
Adam Lowry 0 0 0 -1 0 0 0 0 0 0 1/4 7:38 0:00 0:00
Artem Anisimov 0 1 1 2 0 7 1 0 1 1 17/33 23:26 0:00 3:18
Brett Ponich 0 0 0 0 0 1 2 4 1 0 0/0 28:06 0:00 3:28
Connor Chatam 0 0 0 -1 0 1 0 0 0 0 0/0 7:38 0:00 0:00
Dave Dziurzynski 0 1 1 2 2 1 5 0 0 0 2/3 20:13 0:00 1:01
Derrick Pouliot 0 0 0 0 0 0 1 0 0 0 0/0 12:51 0:00 0:26
Jacob Middleton 0 0 0 0 0 0 0 0 0 0 0/0 0:00 0:00 0:00
Jake Marchment 0 0 0 0 0 0 0 0 0 0 0/0 0:00 0:00 0:00
Jonas Brodin 0 1 1 -2 0 2 0 3 0 1 0/0 19:19 0:00 2:21
Jordan Subban 0 0 0 0 0 0 0 0 0 0 0/0 0:00 0:00 0:00
Joshua Jacobs 0 0 0 0 0 0 0 0 0 0 0/0 0:00 0:00 0:00
Julius Vahatalo 0 0 0 -1 4 0 0 0 0 1 0/0 8:31 0:00 0:00
Kevin Roy 0 0 0 -1 0 2 1 0 0 0 3/6 11:15 0:00 0:00
Matt Delahey 0 0 0 0 2 2 2 2 0 3 0/0 26:54 0:00 2:17
Morgan Ellis 0 1 1 -2 0 0 1 1 1 1 0/0 19:29 0:00 2:31
Phillip Danault 0 0 0 -2 0 0 3 0 0 0 0/0 16:00 0:00 1:00
Richard Panik 2 0 2 2 0 7 2 1 1 0 0/0 23:26 0:00 3:18
Ryan Culkin 0 0 0 0 0 0 0 2 0 0 0/0 13:20 0:00 0:55
Samuel Blais 0 0 0 -1 0 0 1 0 2 0 0/1 12:41 0:00 1:26
Sebastian Collberg 0 0 0 -1 0 0 1 0 0 0 0/0 11:15 0:00 0:00
Seth Griffith 0 0 0 -2 0 2 0 0 0 1 7/15 15:14 0:00 0:14
Stefan Noesen 0 0 0 -2 0 0 1 0 1 0 0/0 16:41 0:00 1:41
Steven Santini 0 0 0 0 0 0 0 0 0 0 0/0 0:00 0:00 0:00
Players Stats for Wolfes
Player Name G A P +/- PIM S H SB GA TA FO MP PP MP PK MP
------------------------------------------------------------------------------------
Angelo Esposito 0 1 1 2 0 0 1 0 0 0 1/1 7:42 0:00 0:00
Anton Lindholm 0 0 0 0 0 0 1 0 0 1 0/0 12:32 0:00 0:00
Barclay Goodrow 0 0 0 0 0 2 1 0 0 0 1/1 11:49 0:00 0:00
Benn Ferriero 0 0 0 0 0 1 2 2 1 1 2/2 20:52 3:22 0:00
Blake Pietila 2 0 2 0 0 10 0 1 3 0 1/1 20:52 3:22 0:00
Jacob Lagacé 0 0 0 2 0 1 0 0 0 0 0/0 7:42 0:00 0:00
Jamie Oleksiak 0 0 0 1 0 0 0 0 0 0 0/0 16:16 2:31 0:00
Jeffrey Foss 0 0 0 0 0 3 1 1 0 2 0/0 22:55 3:28 0:00
Joe Morrow 0 1 1 1 0 2 0 2 0 0 0/0 16:16 2:31 0:00
Joonas Lyytinen 0 0 0 0 0 0 0 0 0 0 0/0 0:00 0:00 0:00
Jyrki Jokipakka 1 0 1 1 0 1 1 0 0 0 0/0 8:17 0:00 0:00
Klas Dahlbeck 0 0 0 1 0 0 0 0 0 0 0/0 8:17 0:00 0:00
Kyle Rau 0 0 0 0 0 0 1 0 0 1 5/8 19:37 2:37 0:00
Martin Hanzal 0 2 2 0 0 5 2 0 0 0 19/41 20:52 3:22 0:00
Matt Grzelcyk 0 0 0 0 0 0 0 1 0 0 0/0 12:32 0:00 0:00
Michael Stone 0 1 1 0 0 3 1 1 0 1 0/0 22:55 3:28 0:00
Nicolas Deschamps 0 0 0 0 0 0 0 0 0 0 0/0 0:00 0:00 0:00
Pavel Kraskovsky 0 0 0 0 0 0 0 0 0 0 0/0 0:00 0:00 0:00
Scott Timmins 0 0 0 0 0 3 0 0 3 0 3/8 11:49 0:00 0:00
Sergei Plotnikov 0 1 1 0 0 7 1 0 1 0 0/0 19:37 2:37 0:00
Thomas Spelling 1 0 1 0 0 4 1 0 0 0 0/0 19:37 2:37 0:00
Victor Olofsson 1 1 2 2 0 3 0 1 0 0 0/0 7:42 0:00 0:00
Zachary Sanford 0 0 0 0 0 3 2 0 0 1 0/0 11:49 0:00 0:00
3 Stars
1 - Richard Panik (Bro)
2 - Victor Olofsson (RIM)
3 - Blake Pietila (RIM)
Power Play
Gangsters - 0 on 0 Attempt(s) - 0.00%
Wolfes - 1 on 4 Attempt(s) - 25.00%
Penalty Kill
Gangsters - 3 on 4 Attempt(s) - 75.00%
- Score 0 goal in Penalty Kill
Wolfes - 0 on 0 Attempt(s) - 0.00%
- Score 0 goal in Penalty Kill
Team Stat
Gangsters - Hits : 21 - Faceoff Wins : 30 - Blocked Shots : 13 - Penalty Minutes : 8
Wolfes - Hits : 15 - Faceoff Wins : 32 - Blocked Shots : 9 - Penalty Minutes : 0
Official
Referees : Unknown
Linesman : Unknown
Game Notes
No Game Note
Finance
Level 1 -- Attendance: 1387 (69.35%) -- Ticket Income $55,480
Level 2 -- Attendance: 640 (64.00%) -- Ticket Income $12,800
Total Attendance: 2027 (67.57%)
Total Ticket Income: $68,280
Other Income: $3,414
Total Income: $71,694
Gangsters
5 vs 5 Forward
Center Left Wing Right Wing Time % Phy DF OF
1 Artem Anisimov Dave Dziurzynski Richard Panik 40 1 2 2
2 Seth Griffith Phillip Danault Stefan Noesen 30 1 2 2
3 Kevin Roy Samuel Blais Sebastian Collberg 20 1 2 2
4 Adam Lowry Julius Vahatalo Connor Chatam 10 1 2 2
5 vs 5 Defense
Defense Defense Time % Phy DF OF
1 Matt Delahey Brett Ponich 40 1 2 2
2 Morgan Ellis Jonas Brodin 30 1 2 2
3 Derrick Pouliot Ryan Culkin 20 1 2 2
4 Matt Delahey Brett Ponich 10 1 2 2
PowerPlay Forward
Center Left Wing Right Wing Time % Phy DF OF
1 Artem Anisimov Dave Dziurzynski Richard Panik 60 1 2 2
2 Seth Griffith Phillip Danault Stefan Noesen 40 1 2 2
PowerPlay Defense
Defense Defense Time % Phy DF OF
1 Matt Delahey Brett Ponich 60 1 2 2
2 Morgan Ellis Jonas Brodin 40 1 2 2
Penalty Kill 4 Players Forward
Center Wing Time % Phy DF OF
1 Artem Anisimov Richard Panik 60 1 2 2
2 Dave Dziurzynski Stefan Noesen 40 1 2 2
Penalty Kill 4 Players Defense
Defense Defense Time % Phy DF OF
1 Matt Delahey Brett Ponich 60 1 2 2
2 Morgan Ellis Jonas Brodin 40 1 2 2
Penalty Kill - 3 Players Forward
Forward Time % Phy DF OF
1 Artem Anisimov 60 1 2 2
2 Richard Panik 40 1 2 2
Penalty Kill - 3 Players Defense
Defense Defense Time % Phy DF OF
1 Matt Delahey Brett Ponich 60 1 2 2
2 Morgan Ellis Jonas Brodin 40 1 2 2
4 vs 4 Forward
Center Wing Time % Phy DF OF
1 Artem Anisimov Richard Panik 60 1 2 2
2 Dave Dziurzynski Stefan Noesen 40 1 2 2
4 vs 4 Defense
Defense Defense Time % Phy DF OF
1 Matt Delahey Brett Ponich 60 1 2 2
2 Morgan Ellis Jonas Brodin 40 1 2 2
Last Minutes Offensive
Center Left Wing Right Wing Defense Defense
Artem Anisimov Dave Dziurzynski Richard Panik Matt Delahey Brett Ponich
Last Minutes Defensive
Center Left Wing Right Wing Defense Defense
Artem Anisimov Dave Dziurzynski Richard Panik Matt Delahey Brett Ponich
Goaltenders
Starting : Dustin Tokarski
Backup : Jordan Binnington
Extra Forwards
Normal : Kevin Roy, Sebastian Collberg, Samuel Blais - PP : Kevin Roy, Sebastian Collberg - PK : Samuel Blais
Extra Defensemen
Normal : Derrick Pouliot, Ryan Culkin, Morgan Ellis - PP : Derrick Pouliot - PK : Ryan Culkin, Morgan Ellis
Penalty Shots
Artem Anisimov, Richard Panik, Dave Dziurzynski, Stefan Noesen, Seth Griffith
Scratches
David Pope (Healthy), Hugo Fagerblom (Healthy)
Wolfes
5 vs 5 Forward
Center Left Wing Right Wing Time % Phy DF OF
1 Martin Hanzal Blake Pietila Benn Ferriero 40 1 2 2
2 Kyle Rau Sergei Plotnikov Thomas Spelling 30 1 2 2
3 Scott Timmins Zachary Sanford Barclay Goodrow 20 1 2 2
4 Angelo Esposito Jacob Lagacé Victor Olofsson 10 1 2 2
5 vs 5 Defense
Defense Defense Time % Phy DF OF
1 Michael Stone Jeffrey Foss 40 1 2 2
2 Jamie Oleksiak Joe Morrow 30 1 2 2
3 Klas Dahlbeck Jyrki Jokipakka 20 1 2 2
4 Anton Lindholm Matt Grzelcyk 10 1 2 2
PowerPlay Forward
Center Left Wing Right Wing Time % Phy DF OF
1 Martin Hanzal Blake Pietila Benn Ferriero 60 1 2 2
2 Kyle Rau Sergei Plotnikov Thomas Spelling 40 1 2 2
PowerPlay Defense
Defense Defense Time % Phy DF OF
1 Michael Stone Jeffrey Foss 60 1 2 2
2 Jamie Oleksiak Joe Morrow 40 1 2 2
Penalty Kill 4 Players Forward
Center Wing Time % Phy DF OF
1 Martin Hanzal Blake Pietila 60 1 2 2
2 Benn Ferriero Sergei Plotnikov 40 1 2 2
Penalty Kill 4 Players Defense
Defense Defense Time % Phy DF OF
1 Michael Stone Jeffrey Foss 60 1 2 2
2 Jamie Oleksiak Joe Morrow 40 1 2 2
Penalty Kill - 3 Players Forward
Forward Time % Phy DF OF
1 Martin Hanzal 60 1 2 2
2 Blake Pietila 40 1 2 2
Penalty Kill - 3 Players Defense
Defense Defense Time % Phy DF OF
1 Michael Stone Jeffrey Foss 60 1 2 2
2 Jamie Oleksiak Joe Morrow 40 1 2 2
4 vs 4 Forward
Center Wing Time % Phy DF OF
1 Martin Hanzal Blake Pietila 60 1 2 2
2 Benn Ferriero Sergei Plotnikov 40 1 2 2
4 vs 4 Defense
Defense Defense Time % Phy DF OF
1 Michael Stone Jeffrey Foss 60 1 2 2
2 Jamie Oleksiak Joe Morrow 40 1 2 2
Last Minutes Offensive
Center Left Wing Right Wing Defense Defense
Martin Hanzal Blake Pietila Benn Ferriero Michael Stone Jeffrey Foss
Last Minutes Defensive
Center Left Wing Right Wing Defense Defense
Martin Hanzal Blake Pietila Benn Ferriero Michael Stone Jeffrey Foss
Goaltenders
Starting : Laurent Brossoit
Backup : Jeremy Smith
Extra Forwards
Normal : Nicolas Deschamps, Pavel Kraskovsky, Scott Timmins - PP : Nicolas Deschamps, Pavel Kraskovsky - PK : Scott Timmins
Extra Defensemen
Normal : Joonas Lyytinen, Klas Dahlbeck, Jyrki Jokipakka - PP : Joonas Lyytinen - PK : Klas Dahlbeck, Jyrki Jokipakka
Penalty Shots
Martin Hanzal, Blake Pietila, Benn Ferriero, Sergei Plotnikov, Kyle Rau
Scratches
Alexandre Grenier (Bruised Right Leg Injury), Christophe Lalancette (Healthy), Charles-Olivier Roussel (Healthy), Remi Elie (Healthy), Sean Monahan (Broken Bone (Left Foot) Injury)
Louis Belpedio (Healthy), Cameron Darcy (Healthy), Fredrik Olofsson (Healthy), Nolan Vesey (Healthy), Vaclav Karabacek (Healthy)
Kyle Pettit (Healthy), Dylan Sadowy (Healthy), Anton Karlsson (Healthy), Ebbe Siönäs (Healthy), Sami Aittokallio (Healthy)
Kaapo Kahkonen (Healthy)
% Time on Ice - Gangsters
Lines # - Real PCT - Wanted PCT - Time Play
Normal Forward
1 - 37% - 40% - 20:08
2 - 28% - 30% - 15:00
3 - 21% - 20% - 11:15
4 - 14% - 10% - 7:38
Normal Defense
1 - 38% - 40% - 20:45
2 - 31% - 30% - 16:58
3 - 23% - 20% - 12:25
4 - 7% - 10% - 3:53
PP Forward
1 - 0% - 60%
2 - 0% - 40%
PP Defense
1 - 0% - 60%
2 - 0% - 40%
PK Forward
1 - 72% - 60% - 4:18
2 - 28% - 40% - 1:41
PK Defense
1 - 61% - 60% - 3:38
2 - 39% - 40% - 2:21
PK3 Forward
1 - 0% - 60%
2 - 0% - 40%
PK3 Defense
1 - 0% - 60%
2 - 0% - 40%
44 Forward
1 - 0% - 60%
2 - 0% - 40%
44 Defense
1 - 0% - 60%
2 - 0% - 40%
Last Minute Offensive - 0:00
Last Minute Defensive - 0:00
Total
Forward - 60:00
Defense - 60:00
|
% Time on Ice - Wolfes
Lines # - Real PCT - Wanted PCT - Time Play
Normal Forward
1 - 32% - 40% - 17:30
2 - 31% - 30% - 17:00
3 - 22% - 20% - 11:49
4 - 14% - 10% - 7:42
Normal Defense
1 - 36% - 40% - 19:27
2 - 25% - 30% - 13:45
3 - 15% - 20% - 8:17
4 - 23% - 10% - 12:32
PP Forward
1 - 56% - 60% - 3:22
2 - 44% - 40% - 2:37
PP Defense
1 - 58% - 60% - 3:28
2 - 42% - 40% - 2:31
PK Forward
1 - 0% - 60%
2 - 0% - 40%
PK Defense
1 - 0% - 60%
2 - 0% - 40%
PK3 Forward
1 - 0% - 60%
2 - 0% - 40%
PK3 Defense
1 - 0% - 60%
2 - 0% - 40%
44 Forward
1 - 0% - 60%
2 - 0% - 40%
44 Defense
1 - 0% - 60%
2 - 0% - 40%
Last Minute Offensive - 0:00
Last Minute Defensive - 0:00
Total
Forward - 60:00
Defense - 60:00
|
Play-by-Play
1st period
0:01 of 1st period - Martin Hanzal wins face-off versus Artem Anisimov in neutral zone.
1:08 of 1st period - Snap shot by Victor Olofsson.
1:08 of 1st period - Goal by Victor Olofsson - Gangsters : 0 - Wolfes : 1.
1:09 of 1st period - Artem Anisimov wins face-off versus Martin Hanzal in neutral zone.
1:40 of 1st period - Snap shot by Seth Griffith.
1:40 of 1st period - Stopped by Laurent Brossoit with a rebound.
1:42 of 1st period - Backhand shot by Derrick Pouliot.
1:42 of 1st period - Shot Misses the Net.
2:15 of 1st period - Michael Stone is hit by Richard Panik and loses puck.
2:59 of 1st period - Martin Hanzal is hit by Brett Ponich and loses puck.
3:14 of 1st period - Sergei Plotnikov is hit by Brett Ponich and loses puck.
3:25 of 1st period - Snap shot by Thomas Spelling.
3:25 of 1st period - Stopped by Dustin Tokarski with a rebound.
3:59 of 1st period - Snap shot by Richard Panik.
3:59 of 1st period - Stopped by Laurent Brossoit with a rebound.
4:27 of 1st period - Sergei Plotnikov is hit by Dave Dziurzynski and loses puck.
5:59 of 1st period - Kyle Rau is hit by Artem Anisimov and loses puck.
6:04 of 1st period - Wrist shot by Artem Anisimov.
6:04 of 1st period - Shot Misses the Net.
6:06 of 1st period - Snap shot by Brett Ponich.
6:06 of 1st period - Deflect By Richard Panik.
6:06 of 1st period - Stopped by Laurent Brossoit with a rebound.
6:26 of 1st period - Slapshot by Artem Anisimov.
6:26 of 1st period - Shot Misses the Net.
6:28 of 1st period - Snap shot by Dave Dziurzynski.
6:28 of 1st period - Stopped by Laurent Brossoit with a rebound.
6:30 of 1st period - Snap shot by Artem Anisimov.
6:30 of 1st period - Shot Hit the Post.
6:35 of 1st period - Icing by Anton Lindholm.
6:36 of 1st period - Seth Griffith wins face-off versus Kyle Rau in Wolfes zone.
6:39 of 1st period - Snap shot by Seth Griffith.
6:39 of 1st period - Stopped by Laurent Brossoit with a rebound.
7:01 of 1st period - Kyle Rau is hit by Phillip Danault and loses puck.
7:22 of 1st period - Snap shot by Thomas Spelling.
7:22 of 1st period - Shot Misses the Net.
7:24 of 1st period - Snap shot by Sergei Plotnikov.
7:24 of 1st period - Stopped by Dustin Tokarski with a rebound.
7:32 of 1st period - Jonas Brodin is hit by Anton Lindholm and loses puck.
8:39 of 1st period - Snap shot by Thomas Spelling.
8:39 of 1st period - Shot Misses the Net.
8:55 of 1st period - Jonas Brodin is hit by Thomas Spelling.
9:01 of 1st period - Snap shot by Stefan Noesen.
9:01 of 1st period - Shot Misses the Net.
11:09 of 1st period - Wrist shot by Seth Griffith.
11:09 of 1st period - Shot Misses the Net.
11:25 of 1st period - Wrist shot by Sergei Plotnikov.
11:25 of 1st period - Stopped by Dustin Tokarski with a rebound.
11:27 of 1st period - Slapshot by Anton Lindholm.
11:27 of 1st period - Shot Misses the Net.
11:41 of 1st period - Snap shot by Seth Griffith.
11:41 of 1st period - Shot Misses the Net.
11:48 of 1st period - Off-side.
11:49 of 1st period - Kevin Roy wins face-off versus Martin Hanzal in neutral zone.
11:54 of 1st period - Snap shot by Kevin Roy.
11:54 of 1st period - Shot Blocked by Blake Pietila.
12:02 of 1st period - Snap shot by Blake Pietila.
12:02 of 1st period - Stopped by Dustin Tokarski with a rebound.
12:04 of 1st period - Slapshot by Jeffrey Foss.
12:04 of 1st period - Shot Misses the Net.
12:59 of 1st period - Wrist shot by Blake Pietila.
12:59 of 1st period - Stopped by Dustin Tokarski without a rebound.
13:00 of 1st period - Martin Hanzal wins face-off versus Adam Lowry in Gangsters zone.
13:28 of 1st period - Brett Ponich is hit by Martin Hanzal and loses puck.
13:40 of 1st period - Off-side.
13:41 of 1st period - Dave Dziurzynski wins face-off versus Scott Timmins in neutral zone.
13:48 of 1st period - Icing by Michael Stone.
13:49 of 1st period - Artem Anisimov wins face-off versus Scott Timmins in Wolfes zone.
14:20 of 1st period - Wrist shot by Blake Pietila.
14:20 of 1st period - Stopped by Dustin Tokarski with a rebound.
14:36 of 1st period - Slapshot by Jeffrey Foss.
14:36 of 1st period - Shot Misses the Net.
14:53 of 1st period - Icing by Michael Stone.
14:54 of 1st period - Barclay Goodrow wins face-off versus Artem Anisimov in Wolfes zone.
15:07 of 1st period - Snap shot by Zachary Sanford.
15:07 of 1st period - Stopped by Dustin Tokarski with a rebound.
15:21 of 1st period - Wrist shot by Martin Hanzal.
15:21 of 1st period - Stopped by Dustin Tokarski with a rebound.
15:23 of 1st period - Slapshot by Joe Morrow.
15:23 of 1st period - Deflect By Kevin Roy.
15:23 of 1st period - Stopped by Dustin Tokarski without a rebound.
15:24 of 1st period - Kevin Roy wins face-off versus Martin Hanzal in Gangsters zone.
15:43 of 1st period - Wrist shot by Blake Pietila.
15:43 of 1st period - Shot Blocked by Ryan Culkin.
15:45 of 1st period - Snap shot by Joe Morrow.
15:45 of 1st period - Stopped by Dustin Tokarski with a rebound.
16:25 of 1st period - Wrist shot by Blake Pietila.
16:25 of 1st period - Stopped by Dustin Tokarski without a rebound.
16:26 of 1st period - Artem Anisimov wins face-off versus Scott Timmins in Gangsters zone.
16:37 of 1st period - Snap shot by Scott Timmins.
16:37 of 1st period - Stopped by Dustin Tokarski with a rebound.
16:39 of 1st period - Slapshot by Jeffrey Foss.
16:39 of 1st period - Shot Misses the Net.
16:41 of 1st period - Snap shot by Michael Stone.
16:41 of 1st period - Stopped by Dustin Tokarski without a rebound.
16:42 of 1st period - Angelo Esposito wins face-off versus Adam Lowry in Gangsters zone.
16:49 of 1st period - Slapshot by Jacob Lagacé.
16:49 of 1st period - Stopped by Dustin Tokarski with a rebound.
17:12 of 1st period - Artem Anisimov is hit by Zachary Sanford and loses puck.
17:27 of 1st period - Richard Panik is hit by Jyrki Jokipakka and loses puck.
19:26 of 1st period - Martin Hanzal is hit by Dave Dziurzynski and loses puck.
Goals for this period are 0 for Gangsters vs 1 for Wolfes.
Shots for this period are 5 for Gangsters vs 15 for Wolfes.
2nd period
0:01 of 2nd period - Artem Anisimov wins face-off versus Martin Hanzal in neutral zone.
0:14 of 2nd period - Slapshot by Blake Pietila.
0:14 of 2nd period - Stopped by Dustin Tokarski without a rebound.
0:15 of 2nd period - Martin Hanzal wins face-off versus Kevin Roy in Gangsters zone.
0:28 of 2nd period - Snap shot by Blake Pietila.
0:28 of 2nd period - Stopped by Dustin Tokarski with a rebound.
0:33 of 2nd period - Minor Penalty to Matt Delahey for Hooking.
0:34 of 2nd period - Artem Anisimov wins face-off versus Martin Hanzal in Gangsters zone.
0:38 of 2nd period - Snap shot by Richard Panik.
0:38 of 2nd period - Stopped by Laurent Brossoit without a rebound.
0:39 of 2nd period - Martin Hanzal wins face-off versus Artem Anisimov in Wolfes zone.
2:33 of 2nd period - Penalty to Matt Delahey is over, Matt Delahey is back on ice.
2:40 of 2nd period - Adam Lowry is hit by Sergei Plotnikov and loses puck.
3:00 of 2nd period - Barclay Goodrow is hit by Matt Delahey and loses puck.
3:05 of 2nd period - Snap shot by Kevin Roy.
3:05 of 2nd period - Stopped by Laurent Brossoit with a rebound.
3:36 of 2nd period - Snap shot by Artem Anisimov.
3:36 of 2nd period - Stopped by Laurent Brossoit with a rebound.
4:12 of 2nd period - Anton Lindholm is hit by Stefan Noesen and loses puck.
4:51 of 2nd period - Off-side.
4:52 of 2nd period - Artem Anisimov wins face-off versus Scott Timmins in neutral zone.
6:00 of 2nd period - Zachary Sanford is hit by Sebastian Collberg and loses puck.
6:07 of 2nd period - Michael Stone is hit by Samuel Blais and loses puck.
7:06 of 2nd period - Snap shot by Victor Olofsson.
7:06 of 2nd period - Stopped by Dustin Tokarski with a rebound.
7:08 of 2nd period - Wrist shot by Angelo Esposito.
7:08 of 2nd period - Shot Misses the Net.
7:10 of 2nd period - Slapshot by Jyrki Jokipakka.
7:10 of 2nd period - Deflect By Jonas Brodin.
7:10 of 2nd period - Goal by Jyrki Jokipakka - Gangsters : 0 - Wolfes : 2.
7:11 of 2nd period - Artem Anisimov wins face-off versus Martin Hanzal in neutral zone.
7:14 of 2nd period - Backhand shot by Artem Anisimov.
7:14 of 2nd period - Stopped by Laurent Brossoit without a rebound.
7:15 of 2nd period - Martin Hanzal wins face-off versus Artem Anisimov in Wolfes zone.
7:15 of 2nd period - Martin Hanzal is hit by Dave Dziurzynski.
7:26 of 2nd period - Slapshot by Benn Ferriero.
7:26 of 2nd period - Shot Misses the Net.
7:28 of 2nd period - Slapshot by Michael Stone.
7:28 of 2nd period - Stopped by Dustin Tokarski with a rebound.
7:42 of 2nd period - Brett Ponich is hit by Jeffrey Foss.
7:52 of 2nd period - Slapshot by Jeffrey Foss.
7:52 of 2nd period - Shot Blocked by Richard Panik.
8:26 of 2nd period - Wrist shot by Blake Pietila.
8:26 of 2nd period - Deflect By Martin Hanzal.
8:26 of 2nd period - Stopped by Dustin Tokarski with a rebound.
8:28 of 2nd period - Slapshot by Blake Pietila.
8:28 of 2nd period - Stopped by Dustin Tokarski without a rebound.
8:29 of 2nd period - Seth Griffith wins face-off versus Martin Hanzal in Gangsters zone.
8:29 of 2nd period - Seth Griffith is hit by Benn Ferriero.
8:35 of 2nd period - Snap shot by Phillip Danault.
8:35 of 2nd period - Deflect By Stefan Noesen.
8:35 of 2nd period - Shot Misses the Net.
8:35 of 2nd period - Puck is out of play.
8:36 of 2nd period - Blake Pietila wins face-off versus Seth Griffith in Wolfes zone.
9:13 of 2nd period - Snap shot by Kevin Roy.
9:13 of 2nd period - Stopped by Laurent Brossoit without a rebound.
9:14 of 2nd period - Adam Lowry wins face-off versus Martin Hanzal in Wolfes zone.
10:14 of 2nd period - Wrist shot by Sergei Plotnikov.
10:14 of 2nd period - Stopped by Dustin Tokarski with a rebound.
10:20 of 2nd period - Minor Penalty to Julius Vahatalo for Hooking.
10:21 of 2nd period - Martin Hanzal wins face-off versus Artem Anisimov in Gangsters zone.
10:22 of 2nd period - Snap shot by Blake Pietila.
10:22 of 2nd period - Goal by Blake Pietila - Gangsters : 0 - Wolfes : 3.
10:23 of 2nd period - Martin Hanzal wins face-off versus Dave Dziurzynski in neutral zone.
11:00 of 2nd period - Jacob Lagacé is hit by Dave Dziurzynski and loses puck.
11:11 of 2nd period - Wrist shot by Dave Dziurzynski.
11:11 of 2nd period - Shot Misses the Net.
11:13 of 2nd period - Wrist shot by Artem Anisimov.
11:13 of 2nd period - Shot Blocked by Jeffrey Foss.
11:15 of 2nd period - Snap shot by Dave Dziurzynski.
11:15 of 2nd period - Shot Blocked by Michael Stone.
11:17 of 2nd period - Snap shot by Richard Panik.
11:17 of 2nd period - Shot Misses the Net.
11:19 of 2nd period - Wrist shot by Dave Dziurzynski.
11:19 of 2nd period - Deflect By Angelo Esposito.
11:19 of 2nd period - Shot Misses the Net.
11:19 of 2nd period - Puck is out of play.
11:20 of 2nd period - Seth Griffith wins face-off versus Martin Hanzal in Wolfes zone.
11:25 of 2nd period - Wrist shot by Stefan Noesen.
11:25 of 2nd period - Deflect By Seth Griffith.
11:25 of 2nd period - Shot Blocked by Joe Morrow.
11:25 of 2nd period - Puck is out of play.
11:26 of 2nd period - Martin Hanzal wins face-off versus Seth Griffith in Wolfes zone.
11:33 of 2nd period - Snap shot by Blake Pietila.
11:33 of 2nd period - Goal by Blake Pietila - Gangsters : 0 - Wolfes : 4.
11:34 of 2nd period - Benn Ferriero wins face-off versus Artem Anisimov in neutral zone.
12:01 of 2nd period - Brett Ponich is hit by Barclay Goodrow and loses puck.
12:10 of 2nd period - Snap shot by Zachary Sanford.
12:10 of 2nd period - Stopped by Dustin Tokarski without a rebound.
12:11 of 2nd period - Artem Anisimov wins face-off versus Martin Hanzal in Gangsters zone.
12:24 of 2nd period - Slapshot by Artem Anisimov.
12:24 of 2nd period - Stopped by Laurent Brossoit without a rebound.
12:25 of 2nd period - Artem Anisimov wins face-off versus Martin Hanzal in Wolfes zone.
12:26 of 2nd period - Slapshot by Richard Panik.
12:26 of 2nd period - Stopped by Laurent Brossoit with a rebound.
12:34 of 2nd period - Wrist shot by Jeffrey Foss.
12:34 of 2nd period - Stopped by Dustin Tokarski without a rebound.
12:35 of 2nd period - Martin Hanzal wins face-off versus Artem Anisimov in Gangsters zone.
13:17 of 2nd period - Snap shot by Benn Ferriero.
13:17 of 2nd period - Shot Blocked by Matt Delahey.
13:25 of 2nd period - Snap shot by Martin Hanzal.
13:25 of 2nd period - Stopped by Dustin Tokarski with a rebound.
13:27 of 2nd period - Backhand shot by Benn Ferriero.
13:27 of 2nd period - Stopped by Dustin Tokarski without a rebound.
13:28 of 2nd period - Scott Timmins wins face-off versus Seth Griffith in Gangsters zone.
13:41 of 2nd period - Snap shot by Scott Timmins.
13:41 of 2nd period - Stopped by Dustin Tokarski with a rebound.
14:40 of 2nd period - Icing by Derrick Pouliot.
14:41 of 2nd period - Seth Griffith wins face-off versus Scott Timmins in Gangsters zone.
14:41 of 2nd period - Seth Griffith is hit by Zachary Sanford.
14:55 of 2nd period - Wrist shot by Scott Timmins.
14:55 of 2nd period - Shot Blocked by Ryan Culkin.
16:54 of 2nd period - Snap shot by Kyle Rau.
16:54 of 2nd period - Deflect By Thomas Spelling.
16:54 of 2nd period - Shot Blocked by Jonas Brodin.
16:54 of 2nd period - Puck is out of play.
16:55 of 2nd period - Kyle Rau wins face-off versus Adam Lowry in Gangsters zone.
17:05 of 2nd period - Minor Penalty to Julius Vahatalo for Interference.
17:06 of 2nd period - Artem Anisimov wins face-off versus Martin Hanzal in Gangsters zone.
17:41 of 2nd period - Slapshot by Thomas Spelling.
17:41 of 2nd period - Deflect By Morgan Ellis.
17:41 of 2nd period - Stopped by Dustin Tokarski without a rebound.
17:42 of 2nd period - Dave Dziurzynski wins face-off versus Martin Hanzal in Gangsters zone.
18:31 of 2nd period - Slapshot by Martin Hanzal.
18:31 of 2nd period - Shot Misses the Net.
19:05 of 2nd period - Penalty to Julius Vahatalo is over, Julius Vahatalo is back on ice.
19:56 of 2nd period - Wrist shot by Artem Anisimov.
19:56 of 2nd period - Stopped by Laurent Brossoit with a rebound.
Goals for this period are 0 for Gangsters vs 3 for Wolfes.
Shots for this period are 8 for Gangsters vs 16 for Wolfes.
3rd period
0:01 of 3rd period - Artem Anisimov wins face-off versus Martin Hanzal in neutral zone.
0:08 of 3rd period - Backhand shot by Richard Panik.
0:08 of 3rd period - Shot Blocked by Benn Ferriero.
0:10 of 3rd period - Slapshot by Richard Panik.
0:10 of 3rd period - Shot Blocked by Benn Ferriero.
0:12 of 3rd period - Slapshot by Brett Ponich.
0:12 of 3rd period - Deflect By Artem Anisimov.
0:12 of 3rd period - Stopped by Laurent Brossoit without a rebound.
0:13 of 3rd period - Martin Hanzal wins face-off versus Artem Anisimov in Wolfes zone.
0:22 of 3rd period - Snap shot by Martin Hanzal.
0:22 of 3rd period - Stopped by Dustin Tokarski without a rebound.
0:23 of 3rd period - Martin Hanzal wins face-off versus Artem Anisimov in Gangsters zone.
0:39 of 3rd period - Snap shot by Martin Hanzal.
0:39 of 3rd period - Shot Misses the Net.
0:41 of 3rd period - Slapshot by Jeffrey Foss.
0:41 of 3rd period - Stopped by Dustin Tokarski with a rebound.
0:54 of 3rd period - Off-side.
0:55 of 3rd period - Seth Griffith wins face-off versus Kyle Rau in neutral zone.
0:58 of 3rd period - Backhand shot by Seth Griffith.
0:58 of 3rd period - Shot Blocked by Joe Morrow.
1:00 of 3rd period - Wrist shot by Jonas Brodin.
1:00 of 3rd period - Stopped by Laurent Brossoit with a rebound.
1:02 of 3rd period - Wrist shot by Stefan Noesen.
1:02 of 3rd period - Shot Misses the Net.
1:04 of 3rd period - Snap shot by Phillip Danault.
1:04 of 3rd period - Shot Misses the Net.
1:06 of 3rd period - Slapshot by Jonas Brodin.
1:06 of 3rd period - Stopped by Laurent Brossoit without a rebound.
1:07 of 3rd period - Seth Griffith wins face-off versus Martin Hanzal in Wolfes zone.
1:32 of 3rd period - Snap shot by Kyle Rau.
1:32 of 3rd period - Shot Blocked by Brett Ponich.
1:34 of 3rd period - Snap shot by Sergei Plotnikov.
1:34 of 3rd period - Shot Blocked by Matt Delahey.
1:36 of 3rd period - Snap shot by Thomas Spelling.
1:36 of 3rd period - Stopped by Dustin Tokarski with a rebound.
1:42 of 3rd period - Slapshot by Kyle Rau.
1:42 of 3rd period - Shot Misses the Net.
3:03 of 3rd period - Wrist shot by Richard Panik.
3:03 of 3rd period - Goal by Richard Panik - Gangsters : 1 - Wolfes : 4.
3:04 of 3rd period - Martin Hanzal wins face-off versus Artem Anisimov in neutral zone.
3:19 of 3rd period - Wrist shot by Matt Delahey.
3:19 of 3rd period - Stopped by Laurent Brossoit with a rebound.
3:35 of 3rd period - Icing by Stefan Noesen.
3:36 of 3rd period - Seth Griffith wins face-off versus Martin Hanzal in Gangsters zone.
4:29 of 3rd period - Joe Morrow is hit by Morgan Ellis and loses puck.
4:37 of 3rd period - Off-side.
4:38 of 3rd period - Artem Anisimov wins face-off versus Martin Hanzal in neutral zone.
4:49 of 3rd period - Wrist shot by Dave Dziurzynski.
4:49 of 3rd period - Shot Misses the Net.
4:51 of 3rd period - Wrist shot by Artem Anisimov.
4:51 of 3rd period - Shot Misses the Net.
4:53 of 3rd period - Snap shot by Richard Panik.
4:53 of 3rd period - Stopped by Laurent Brossoit without a rebound.
4:54 of 3rd period - Kyle Rau wins face-off versus Seth Griffith in Wolfes zone.
5:05 of 3rd period - Snap shot by Kyle Rau.
5:05 of 3rd period - Shot Misses the Net.
5:07 of 3rd period - Slapshot by Jeffrey Foss.
5:07 of 3rd period - Stopped by Dustin Tokarski with a rebound.
5:28 of 3rd period - Snap shot by Artem Anisimov.
5:28 of 3rd period - Stopped by Laurent Brossoit without a rebound.
5:29 of 3rd period - Kevin Roy wins face-off versus Kyle Rau in Wolfes zone.
6:00 of 3rd period - Snap shot by Richard Panik.
6:00 of 3rd period - Goal by Richard Panik - Gangsters : 2 - Wolfes : 4.
6:01 of 3rd period - Martin Hanzal wins face-off versus Seth Griffith in neutral zone.
6:04 of 3rd period - Slapshot by Jeffrey Foss.
6:04 of 3rd period - Shot Blocked by Brett Ponich.
6:06 of 3rd period - Slapshot by Michael Stone.
6:06 of 3rd period - Stopped by Dustin Tokarski with a rebound.
6:19 of 3rd period - Icing by Seth Griffith.
6:20 of 3rd period - Kyle Rau wins face-off versus Seth Griffith in Gangsters zone.
6:25 of 3rd period - Slapshot by Seth Griffith.
6:25 of 3rd period - Deflect By Stefan Noesen.
6:25 of 3rd period - Shot Misses the Net.
6:25 of 3rd period - Puck is out of play.
6:26 of 3rd period - Kyle Rau wins face-off versus Artem Anisimov in Wolfes zone.
6:26 of 3rd period - Kyle Rau is hit by Matt Delahey.
6:36 of 3rd period - Backhand shot by Thomas Spelling.
6:36 of 3rd period - Deflect By Sergei Plotnikov.
6:36 of 3rd period - Stopped by Dustin Tokarski without a rebound.
6:37 of 3rd period - Martin Hanzal wins face-off versus Artem Anisimov in Gangsters zone.
7:44 of 3rd period - Snap shot by Connor Chatam.
7:44 of 3rd period - Stopped by Laurent Brossoit with a rebound.
7:58 of 3rd period - Snap shot by Sergei Plotnikov.
7:58 of 3rd period - Stopped by Dustin Tokarski without a rebound.
7:59 of 3rd period - Artem Anisimov wins face-off versus Martin Hanzal in Gangsters zone.
8:14 of 3rd period - Slapshot by Martin Hanzal.
8:14 of 3rd period - Stopped by Dustin Tokarski without a rebound.
8:15 of 3rd period - Scott Timmins wins face-off versus Seth Griffith in Gangsters zone.
8:28 of 3rd period - Wrist shot by Scott Timmins.
8:28 of 3rd period - Shot Blocked by Brett Ponich.
8:56 of 3rd period - Wrist shot by Martin Hanzal.
8:56 of 3rd period - Shot Misses the Net.
9:05 of 3rd period - Icing by Martin Hanzal.
9:06 of 3rd period - Martin Hanzal wins face-off versus Kevin Roy in Wolfes zone.
9:15 of 3rd period - Sebastian Collberg is hit by Kyle Rau and loses puck.
9:49 of 3rd period - Snap shot by Sergei Plotnikov.
9:49 of 3rd period - Shot Misses the Net.
9:51 of 3rd period - Slapshot by Michael Stone.
9:51 of 3rd period - Shot Misses the Net.
9:53 of 3rd period - Wrist shot by Sergei Plotnikov.
9:53 of 3rd period - Stopped by Dustin Tokarski with a rebound.
9:55 of 3rd period - Snap shot by Sergei Plotnikov.
9:55 of 3rd period - Stopped by Dustin Tokarski with a rebound.
9:57 of 3rd period - Slapshot by Thomas Spelling.
9:57 of 3rd period - Goal by Thomas Spelling - Gangsters : 2 - Wolfes : 5.
9:58 of 3rd period - Artem Anisimov wins face-off versus Martin Hanzal in neutral zone.
10:44 of 3rd period - Snap shot by Blake Pietila.
10:44 of 3rd period - Shot Blocked by Jonas Brodin.
10:46 of 3rd period - Snap shot by Zachary Sanford.
10:46 of 3rd period - Stopped by Dustin Tokarski with a rebound.
10:48 of 3rd period - Wrist shot by Barclay Goodrow.
10:48 of 3rd period - Shot Blocked by Jonas Brodin.
10:50 of 3rd period - Snap shot by Scott Timmins.
10:50 of 3rd period - Stopped by Dustin Tokarski with a rebound.
10:52 of 3rd period - Snap shot by Barclay Goodrow.
10:52 of 3rd period - Stopped by Dustin Tokarski with a rebound.
10:54 of 3rd period - Snap shot by Barclay Goodrow.
10:54 of 3rd period - Stopped by Dustin Tokarski with a rebound.
10:56 of 3rd period - Snap shot by Scott Timmins.
10:56 of 3rd period - Shot Blocked by Morgan Ellis.
11:06 of 3rd period - Phillip Danault is hit by Angelo Esposito and loses puck.
11:33 of 3rd period - Slapshot by Artem Anisimov.
11:33 of 3rd period - Stopped by Laurent Brossoit with a rebound.
11:35 of 3rd period - Wrist shot by Artem Anisimov.
11:35 of 3rd period - Shot Misses the Net.
11:49 of 3rd period - Slapshot by Joe Morrow.
11:49 of 3rd period - Shot Misses the Net.
12:16 of 3rd period - Off-side.
12:17 of 3rd period - Martin Hanzal wins face-off versus Artem Anisimov in neutral zone.
12:20 of 3rd period - Slapshot by Michael Stone.
12:20 of 3rd period - Shot Blocked by Brett Ponich.
13:01 of 3rd period - Thomas Spelling is hit by Phillip Danault and loses puck.
13:08 of 3rd period - Michael Stone is hit by Derrick Pouliot and loses puck.
13:21 of 3rd period - Wrist shot by Stefan Noesen.
13:21 of 3rd period - Shot Misses the Net.
13:31 of 3rd period - Backhand shot by Victor Olofsson.
13:31 of 3rd period - Stopped by Dustin Tokarski without a rebound.
13:32 of 3rd period - Benn Ferriero wins face-off versus Artem Anisimov in Gangsters zone.
13:33 of 3rd period - Wrist shot by Blake Pietila.
13:33 of 3rd period - Stopped by Dustin Tokarski without a rebound.
13:34 of 3rd period - Martin Hanzal wins face-off versus Artem Anisimov in Gangsters zone.
13:45 of 3rd period - Snap shot by Artem Anisimov.
13:45 of 3rd period - Shot Misses the Net.
14:16 of 3rd period - Icing by Thomas Spelling.
14:17 of 3rd period - Scott Timmins wins face-off versus Kevin Roy in Wolfes zone.
14:42 of 3rd period - Off-side.
14:43 of 3rd period - Artem Anisimov wins face-off versus Martin Hanzal in neutral zone.
15:57 of 3rd period - Slapshot by Jonas Brodin.
15:57 of 3rd period - Shot Misses the Net.
16:11 of 3rd period - Slapshot by Richard Panik.
16:11 of 3rd period - Shot Blocked by Victor Olofsson.
16:21 of 3rd period - Snap shot by Dave Dziurzynski.
16:21 of 3rd period - Deflect By Artem Anisimov.
16:21 of 3rd period - Shot Blocked by Matt Grzelcyk.
16:21 of 3rd period - Puck is out of play.
16:22 of 3rd period - Martin Hanzal wins face-off versus Seth Griffith in Wolfes zone.
16:22 of 3rd period - Martin Hanzal is hit by Phillip Danault.
16:48 of 3rd period - Thomas Spelling is hit by Dave Dziurzynski.
17:16 of 3rd period - Barclay Goodrow is hit by Kevin Roy and loses puck.
17:33 of 3rd period - Snap shot by Brett Ponich.
17:33 of 3rd period - Shot Misses the Net.
17:35 of 3rd period - Snap shot by Matt Delahey.
17:35 of 3rd period - Deflect By Jacob Lagacé.
17:35 of 3rd period - Stopped by Laurent Brossoit with a rebound.
17:37 of 3rd period - Slapshot by Brett Ponich.
17:37 of 3rd period - Stopped by Laurent Brossoit without a rebound.
17:38 of 3rd period - Artem Anisimov wins face-off versus Martin Hanzal in Wolfes zone.
17:41 of 3rd period - Snap shot by Dave Dziurzynski.
17:41 of 3rd period - Deflect By Martin Hanzal.
17:41 of 3rd period - Shot Misses the Net.
17:41 of 3rd period - Puck is out of play.
17:42 of 3rd period - Martin Hanzal wins face-off versus Artem Anisimov in Wolfes zone.
17:42 of 3rd period - Martin Hanzal is hit by Richard Panik.
17:48 of 3rd period - Snap shot by Richard Panik.
17:48 of 3rd period - Shot Misses the Net.
17:57 of 3rd period - Minor Penalty to Dave Dziurzynski for Hooking.
17:58 of 3rd period - Artem Anisimov wins face-off versus Martin Hanzal in Gangsters zone.
17:58 of 3rd period - Artem Anisimov is hit by Benn Ferriero.
18:07 of 3rd period - Artem Anisimov is hit by Martin Hanzal and loses puck.
18:37 of 3rd period - Off-side.
18:38 of 3rd period - Kyle Rau wins face-off versus Samuel Blais in neutral zone.
19:24 of 3rd period - Samuel Blais is hit by Michael Stone and loses puck.
19:57 of 3rd period - Penalty to Dave Dziurzynski is over, Dave Dziurzynski is back on ice.
Goals for this period are 2 for Gangsters vs 1 for Wolfes.
Shots for this period are 12 for Gangsters vs 17 for Wolfes.
Back to the Top